 Dungeon Crawl Stone Soup version 0.29.1-15-g9cfb28693d (webtiles) character file.

Game seed: 10796410601063547704

59 protoss039 the Digger (level 3, -1/27 HPs)
             Began as a Demonspawn Earth Elementalist on Mar 9, 2023.
             Slain by a sky beast (4 damage)
             ... on level 3 of the Dungeon.
             The game lasted 00:01:49 (2052 turns).

protoss039 the Digger (DsEE)                        Turns: 2052, Time: 00:01:50

Health: -1/27      AC:  4    Str:  8    XL:     3   Next: 78%
Magic:  2/7        EV: 16    Int: 18    God:
Gold:   192        SH:  0    Dex: 13    Spells: 1/7 levels left

rFire   . . .      SeeInvis .   h - +1 spear
rCold   . . .      Faith    .   (no shield)
rNeg    . . .      Spirit   .   a - +1 robe
rPois   .          Reflect  .   d - +0 helmet
rElec   .          Harm     .   (no cloak)
rCorr   .          Rampage  .   (no gloves)
Will    .....                   (no boots)
Stlth   ++........              (no amulet)
HPRegen 0.09/turn               f - +4 ring of evasion
MPRegen 0.10/turn               (no ring)

@: about to teleport
A: claws 1, ignite blood 1
a: no special abilities


You were on level 3 of the Dungeon.
You visited 1 branch of the dungeon, and saw 3 of its levels.

You collected 192 gold pieces.

Inventory:

Hand Weapons
 h - a +1 spear (weapon)
Armour
 a - a +1 robe (worn)
 d - a +0 helmet (worn)
Jewellery
 f - a +4 ring of evasion (left claw)
Wands
 i - a wand of flame (19)
Scrolls
 e - 3 scrolls of enchant weapon
 l - 2 scrolls of enchant armour
Potions
 b - a potion of magic
 c - a potion of berserk rage {unknown}
 k - a potion of invisibility {unknown}
 m - a potion of attraction {unknown}
 n - a potion of resistance {unknown}
 o - a potion of cancellation {unknown}
 p - a potion of curing {unknown}
 q - a potion of lignification {unknown}


   Skills:
 + Level 1.8 Fighting
 - Level 1.7 Dodging
 - Level 1.7 Stealth
 + Level 2.7 Spellcasting
 + Level 0.0 Conjurations
 - Level 0.8 Transmutations
 + Level 3.3 Earth Magic


You had one spell level left.
You knew the following spells:

 Your Spells              Type           Power      Damage    Failure   Level
a - Sandblast             Erth           28%        2d8       4%          1
b - Passwall              Tmut/Erth      8%         N/A       11%         2
c - Stone Arrow           Conj/Erth      16%        3d8       26%         3

Your spell library contained the following spells:

 Spells                   Type           Power      Damage    Failure   Level
 Petrify                  Tmut/Erth      10%        N/A       56%         4


Dungeon Overview and Level Annotations

Branches:
Dungeon (3/15) Zot: 15923

Altars:


Innate Abilities, Weirdness & Mutations

You have sharp fingernails.
Your demonic aura sometimes causes spilled blood to erupt in flames.


Message History

The sky beast hits you but does no damage.
The sky beast flickers out of sight!
Deactivating autopickup; reactivate with Ctrl-A.
Something hits you. Something shocks you.
Casting: Sandblast (safe; 4% risk of failure)
Confirm with . or Enter, or press ? or * to list all spells.
Aiming: Sandblast (safe; 4% risk of failure)
Press: ? - help, Shift-Dir - straight line A sky beast appears from thin air!
Reactivating autopickup.
The sky beast misses you.
Casting: Sandblast (safe; 4% risk of failure)
Confirm with . or Enter, or press ? or * to list all spells.
Aiming: Sandblast (safe; 4% risk of failure)
Press: ? - help, Shift-Dir - straight line The blast of sand hits the sky beast!
The sky beast is moderately wounded.
The sky beast closely misses you. The sky beast hits you.
The sky beast shocks you.
Your magical contamination has completely faded away.
As you read the scroll labelled ZIDOSTELALA, it crumbles to dust.
It is a scroll of enchant weapon.
Your +0 spear glows red for a moment.
The sky beast hits you.
* * * LOW HITPOINT WARNING * * *
The sky beast shocks you.
* * * LOW HITPOINT WARNING * * *
As you read the scroll labelled BOVAJA QIOKYA, it crumbles to dust.
It is a scroll of enchant armour.
Your +0 robe glows green for a moment.
The sky beast misses you.
Unknown command.
The sky beast attacks as you move away! The sky beast closely misses you.
As you read the scroll labelled HUIROBL DOORGH, it crumbles to dust.
You assume a fearsome visage.
The sky beast resists with some effort.
It was a scroll of fear.
The sky beast hits you but does no damage.
Unknown command.
As you read the scroll labelled QASUUF WIRI, it crumbles to dust.
You feel strangely unstable.
It was a scroll of teleportation.
The sky beast hits you.
You die...

#.......##..######.#
#.......##.........#
####+#.###.##......#
.....##.#...##
#######.#.###
###.#.# ##...#.#
#..###.#
#.#####..@.#.#
#........#Y#.#.#.##
#######....~.......
#.####.#.#.## ### .#
.# .# .. ##


You could see a sky beast.

Vanquished Creatures
  3 adders (D:2)
  2 dart slugs
  2 endoplasms
  3 goblins
  A hobgoblin (D:1)
  2 jackals (D:2)
  2 kobolds (D:1)
  4 quokkas (D:2)
  3 ball pythons
  3 bats
  3 frilled lizards
28 creatures vanquished.

Notes
Turn   | Place    | Note
-------+----------+-------------------------------------------
     0 | D:1      | protoss039 the Demonspawn Earth Elementalist began the
                  | quest for the Orb.
     0 | D:1      | Reached XP level 1. HP: 13/13 MP: 3/3
   199 | D:1      | Gained mutation: Your demonic aura sometimes causes spilled
                  | blood to erupt in flames. [demonic ancestry]
   199 | D:1      | Reached XP level 2. HP: 20/20 MP: 3/5
   633 | D:1      | Reached skill level 3 in Earth Magic
   836 | D:1      | Learned a level 2 spell: Passwall
   851 | D:2      | Reached skill level 1 in Fighting
  1092 | D:2      | Gained mutation: You have sharp fingernails. [demonic
                  | ancestry]
  1092 | D:2      | Reached XP level 3. HP: 26/26 MP: 6/6
  1823 | D:2      | Found a faded altar of an unknown god.
  1960 | D:2      | Learned a level 3 spell: Stone Arrow
  2039 | D:3      | Noticed a sky beast
  2052 | D:3      | Slain by a sky beast

Illustrated notes

Levels and vault maps discovered:
D:1:      wheals_arrival_shading, layout_loops_cross, chequers_mini_garden
D:2:      layout_loops_ring, chequers_ecumenical_altar_lobes
D:3:      layout_basic, lemuel_flame_loot_1

Skill      XL: |  1  2 |
---------------+-------+-----
Earth Magic    | 3 |  3.3
Fighting       | 1 |  1.8
Dodging        | |  1.7
Stealth        | |  1.7
Spellcasting   | |  2.7
Transmutations | |  0.8

Action                   || total
-------------------------++-------
Melee: Club              ||     4
       Spear             ||    35
 Cast: Sandblast         ||    42
  Use: Scroll            ||     4
 Stab: Sleeping          ||     2
Armor: Robe              ||    11
Dodge: Dodged            ||    45
